 Dungeon Crawl Stone Soup version 0.19.1 (webtiles) character file.

1936 Banto the Carver (level 8, 0/50 HPs)
             Began as a High Elf Skald on Dec 6, 2016.
             Was an Initiate of Okawaru.
             Slain by a big kobold
             ... wielding a +0 dagger
              (6 damage)
             ... on level 7 of the Dungeon.
             The game lasted 00:14:36 (9144 turns).

Banto the Carver (High Elf Skald)                   Turns: 9144, Time: 00:14:37

Health: 0/50       AC:  5    Str: 13    XL:     8   Next: 97%
Magic:  11/12      EV: 18    Int: 16    God:    Okawaru [......]
Gold:   449        SH:  5    Dex: 17    Spells: 4 memorised, 3 levels left

rFire  . . .     SeeInvis +     a - +0 falchion
rCold  . . .     Gourm    .     w - +0 robe {rN+}
rNeg   + . .     Faith    .     (no shield)
rPois  +         Spirit   .     (no helmet)
rElec  .         Reflect  +     f - +1 cloak
rCorr  .         Harm     .     (no gloves)
MR     .....     Clarity  +     i - +0 pair of boots {Stlth+}
Stlth  ++........               n - +5 amulet of reflection
                                q - ring of loudness (curse)
                                x - ring of see invisible

@: no status effects
A: clarity, poison resistance, strong 1, no device heal 1, sturdy frame 1
a: Renounce Religion


You were on level 7 of the Dungeon.
You worshipped Okawaru.
Okawaru was noncommittal.
You were not hungry.

You visited 2 branches of the dungeon, and saw 8 of its levels.
You also visited: Sewer.

You collected 449 gold pieces.

Inventory:

Hand Weapons
 a - a +0 falchion (weapon)
Missiles
 y - 6 curare-tipped needles
Armour
 f - a +1 cloak (worn)
 i - a +0 pair of boots of stealth (worn)
 w - a +0 robe of positive energy (worn)
Jewellery
 h - an uncursed ring of flight
 m - an uncursed ring of fire
 n - a +5 amulet of reflection (around neck)
 p - a +1 ring of evasion
 q - a cursed ring of loudness (right hand)
 x - a ring of see invisible (left hand)
Scrolls
 b - 5 scrolls of teleportation
 g - 4 scrolls of fear
 k - 3 scrolls of recharging
 u - 2 scrolls of remove curse
Potions
 c - 2 potions of ambrosia
 e - a potion of cure mutation
 l - 2 potions of flight
 r - a potion of haste {unknown}
 s - 3 potions of curing {unknown}
 t - 3 potions of brilliance
 v - 2 potions of invisibility {unknown}
 z - a potion of experience {unknown}
 A - a potion of heal wounds
Comestibles
 d - 4 bread rations
 j - 3 beef jerkies
 o - a slice of pizza


   Skills:
 + Level 2.1 Fighting
 + Level 9.6 Long Blades
 - Level 0.8 Armour
 - Level 8.0 Dodging
 - Level 2.4 Spellcasting
 - Level 3.0 Hexes
 - Level 5.2 Charms


You had 3 spell levels left.
You knew the following spells:

 Your Spells              Type           Power        Failure   Level  Hunger
a - Infusion              Chrm           ###.         2%          1    #......
b - Song of Slaying       Chrm           ###.....     4%          2    ###....
c - Shroud of Golubria    Chrm/Tloc      ##........   12%         2    ###....
d - Spectral Weapon       Hex/Chrm       ###.....     12%         3    ###....


Dungeon Overview and Level Annotations

Branches:
Dungeon (7/15)             Temple (1/1) D:7

Altars:
Ashenzari
Cheibriados
Dithmenos
Gozag
Kikubaaqudgha
Makhleb
Okawaru
Uskayaw
Xom
Yredelemnul
The Shining One

Annotations:
D:6 resw's ghost, novice MiBe


Innate Abilities, Weirdness & Mutations

You possess an exceptional clarity of mind.
Your system is resistant to poisons. (rPois)
Your muscles are strong. (Str +2)
Potions and wands are less effective at restoring your health.
Your movements are slightly less encumbered by armour. (ER -2)


Message History

The kobold barely misses your spectral weapon.
You barely miss the big kobold.
The big kobold is severely wounded.
Your spectral weapon closely misses the big kobold.
The big kobold hits you with a dagger.
* * * LOW HITPOINT WARNING * * *
The kobold hits you but does no damage. The kobold misses your spectral weapon.
You take 5 damage, and have 12/50 hp.
You hit the big kobold but do no damage.
The big kobold is severely wounded.
Your spectral weapon barely misses the big kobold.
The big kobold hits you with a dagger!
* * * LOW HITPOINT WARNING * * *
You take 6 damage, and have 6/50 hp.
You hit the big kobold.
The big kobold is almost dead.
Your spectral weapon barely misses the big kobold.
You block the kobold's attack. The kobold hits your spectral weapon.
The big kobold hits you with a dagger.
You die...

...... .... #. ...
.... # #.####.# ###
#.#..[.#.# #####.
#$#..$.#.# ......
.........# . ######
####+#......###+##...
......
....................#
######
.......@(K..........#
......
.......KK##.........#
######
.......$..#.........#
#######
........#.#..........
......+
........#.#####.####.
.###### ......#.#.#
.# ......+
........... .#
.###### .?....#.#..
.# .#


You could see a big kobold, 2 kobolds and a friendly spectral falchion.

Vanquished Creatures
  The ghost of veneficus the Digger, an amateur GrEE (D:4)
  Sigmund (D:2)
  A sky beast (D:6)
  A black bear (D:7)
  An ice beast (D:6)
  An ogre (D:6)
  2 centaurs
  A big kobold (Sewer)
  3 bullfrogs
  Blork the orc (D:4)
  A scorpion (D:5)
  2 crimson imps
  2 hounds
  An orc priest (D:6)
  3 orc wizards
  Jessica (D:2)
  4 iguanas
  7 gnolls
  17 adders
  An ooze (D:1)
  3 worms
  3 dart slugs
  5 leopard geckos
  20 orcs
  3 ball pythons (D:6)
  7 giant cockroaches
  9 goblins
  10 hobgoblins
  7 jackals
  17 kobolds
  8 bats
  5 frilled lizards
  A giant cockroach zombie (D:4)
  A jackal skeleton (D:4)
  A quokka skeleton (D:4)
  13 rats
165 creatures vanquished.

Vanquished Creatures (others)
  2 spectral weapons
2 creatures vanquished.

Grand Total: 167 creatures vanquished

Notes
Turn   | Place    | Note
-------+----------+-------------------------------------------
     0 | D:1      | Banto the High Elf Skald began the quest for the Orb.
     0 | D:1      | Reached XP level 1. HP: 14/14 MP: 4/4
   493 | D:1      | Reached skill level 3 in Long Blades
   493 | D:1      | Reached XP level 2. HP: 9/19 MP: 1/6
  1140 | D:1      | Reached XP level 3. HP: 10/24 MP: 0/7
  1311 | D:1      | Learned a level 3 spell: Spectral Weapon
  1928 | D:2      | Reached skill level 1 in Hexes
  1928 | D:2      | Reached XP level 4. HP: 23/29 MP: 5/8
  1951 | D:2      | Noticed Jessica
  2038 | D:1      | Learned a level 2 spell: Song of Slaying
  2045 | D:2      | Killed Jessica
  2045 | D:2      | Reached skill level 4 in Long Blades
  2147 | D:2      | Noticed Sigmund
  2369 | D:3      | Reached XP level 5. HP: 15/34 MP: 6/9
  2849 | D:3      | Reached skill level 5 in Charms
  2882 | D:3      | Reached XP level 6. HP: 4/39 MP: 4/10
  3497 | D:3      | Reached skill level 5 in Long Blades
  3822 | D:2      | Gained mutation: Your movements are slightly less encumbered by armour. (ER -2) [potion of beneficial mutation]
  3824 | D:2      | Gained mutation: You possess an exceptional clarity of mind. [potion of mutation]
  3824 | D:2      | Gained mutation: Potions and wands are less effective at restoring your health. [potion of mutation]
  3824 | D:2      | Gained mutation: Your system is resistant to poisons. (rPois) [potion of mutation]
  3826 | D:2      | Killed Sigmund
  3826 | D:2      | Reached XP level 7. HP: 6/45 MP: 9/11
  4335 | D:2      | Found a shimmering altar of Xom.
  4461 | D:4      | Found a basalt altar of Yredelemnul.
  4537 | D:4      | Noticed veneficus's ghost (amateur GrEE)
  4543 | D:4      | HP: 2/45 [veneficus's ghost/stone arrow (24)]
  4833 | D:3      | Learned a level 2 spell: Shroud of Golubria
  4848 | D:4      | Killed veneficus's ghost
  4848 | D:4      | Reached skill level 6 in Long Blades
  5152 | D:4      | Noticed Blork the orc
  5163 | D:4      | Reached skill level 5 in Dodging
  5166 | D:4      | Killed Blork the orc
  5386 | D:4      | Reached skill level 7 in Long Blades
  5421 | D:4      | Found a shattered altar of Ashenzari.
  5871 | D:5      | Entered Level 5 of the Dungeon
  6730 | D:5      | Reached XP level 8. HP: 34/50 MP: 7/12
  7181 | D:6      | Found an opulent altar of Gozag.
  7252 | D:6      | Reached skill level 8 in Long Blades
  7321 | D:6      | Found a glowing drain.
  7426 | Sewer    | Entered a sewer
  7545 | Sewer    | Found a white marble altar of Elyvilon.
  7934 | D:6      | Reached skill level 9 in Long Blades
  7975 | D:6      | Found a shadowy altar of Dithmenos.
  8013 | D:6      | Gained mutation: Scrolls take you a little longer to read. [mutagenic meat]
  8014 | D:6      | Gained mutation: Your muscles are strong. (Str +2) [mutagenic meat]
  8015 | D:6      | Lost mutation: Scrolls take you a little longer to read. [mutagenic meat]
  8066 | D:6      | Noticed resw's ghost (novice MiBe)
  8464 | D:7      | Found a staircase to the Ecumenical Temple.
  8490 | Temple   | Entered the Ecumenical Temple
  8538 | Temple   | Became a worshipper of Warmaster Okawaru
  9144 | D:7      | Slain by a big kobold

Skill      XL: |  1  2  3  4  5  6  7  8 |
---------------+-------------------------+-----
Long Blades    | 3 4 5 7 9 |  9.6
Dodging        | 2 3 5 8 |  8.0
Hexes          | 1 2 3 |  3.0
Charms         | 4 5 |  5.2
Fighting       | |  2.1
Armour         | |  0.8
Spellcasting   | |  2.4

Action                   |  1- 3 |  4- 6 |  7- 9 || total
-------------------------+-------+-------+-------++-------
Melee: Falchion          |    90 |   165 |   345 ||   600
 Cast: Infusion          |    17 |     1 |     5 ||    23
       Spectral Weapon   |       |    11 |    23 ||    34
       Song of Slaying   |       |       |     7 ||     7
       Shroud of Golubri |       |       |     5 ||     5
  Use: Scroll            |     6 |     1 |     7 ||    14
       Potion            |       |     5 |     1 ||     6
 Stab: Sleeping          |     1 |       |     1 ||     2
       Distracted        |       |     1 |     1 ||     2
  Eat: Chunk             |     3 |     8 |    23 ||    34
       Pizza             |       |       |     1 ||     1
Armor: Leather armour    |    20 |    31 |       ||    51
       Robe              |       |     4 |    48 ||    52
Dodge: Dodged            |    70 |    97 |   188 ||   355
Block: Other             |    13 |    34 |    65 ||   112
       Reflection        |     1 |       |     1 ||     2
       Rpst.: Falchion   |    17 |    29 |    63 ||   109

Table legend:
 A = Turns spent in this place as a percentage of turns spent in the entire game.
 B = Non-inter-level travel turns spent in this place as a percentage of non-inter-level travel turns spent in the entire game.
 C = Inter-level travel turns spent in this place as a percentage of turns spent in this place.
 D = Turns resting spent in this place as a percentage of non-inter-level travel turns spent in this place.
 E = Turns spent auto-exploring this place as a percentage of non-inter-level travel turns spent in this place.
 F = Non-inter-level travel turns spent in this place divided by the number of levels of this place that you've seen.
                   A       B       C       D       E      F
               +-------+-------+-------+-------+-------+----------------------
         Total | 100.0 | 100.0 |   1.0 |   5.1 |   9.1 | 268.1
       Dungeon |  95.8 |  95.9 |   0.9 |   5.2 |   9.2 | 330.4
        Temple |   1.1 |   1.0 |  10.7 |   0.0 |   4.0 |  25.0
         Sewer |   3.1 |   3.1 |   0.0 |   2.7 |   9.3 |  75.0
               +-------+-------+-------+-------+-------+----------------------

Table legend:
 A = Kills in this place as a percentage of kills in entire the game.
 B = Kills by you in this place as a percentage of kills by you in the entire game.
 C = Kills by friends in this place as a percentage of kills by friends in the entire game.
 D = Other kills in this place as a percentage of other kills in the entire game.
 E = Experience gained in this place as a percentage of experience gained in the entire game.
 F = Experience gained in this place divided by the number of levels of this place that you have seen.
                   A       B       C       D       E      F
               +-------+-------+-------+-------+-------+----------------------
         Total | 100.0 | 100.0 |  -nan |  -nan | 100.0 | 307.3
       Dungeon |  93.3 |  93.3 |  -nan |  -nan |  95.9 | 379.0
         Sewer |   6.7 |   6.7 |  -nan |  -nan |   4.1 | 113.0
               +-------+-------+-------+-------+-------+----------------------
